 Dungeon Crawl Stone Soup version 0.30-a0-305-g026cb31310 (webtiles) character file.

Game seed: 10191729150603082253

261 hikkokomori the Gusty (level 6, -8/32 HPs)
             Began as a Tengu Air Elementalist on Oct 24, 2022.
             Killed by divine providence
             ... invoked by an orc priest
              (14 damage)
             ... on level 3 of the Dungeon.
             The game lasted 00:06:51 (3289 turns).

hikkokomori the Gusty (Tengu Air Elementalist)      Turns: 3289, Time: 00:06:52

Health: -8/32      AC:  5    Str:  8    XL:     6   Next: 18%
Magic:  9/10       EV: 16    Int: 18    God:
Gold:   174        SH:  0    Dex: 14    Spells: 5/9 levels left

rFire   . . .      SeeInvis .    c - +1 short sword
rCold   . . .      Faith    .    (no shield)
rNeg    . . .      Spirit   .    a - +0 robe
rPois   .          Reflect  .    (helmet restricted)
rElec   .          Harm     .    o - +0 cloak
rCorr   .          Rampage  .    m - +1 pair of gloves
Will    .....                    (boots unavailable)
Stlth   ++........               (no amulet)
HPRegen 0.25/turn                (no ring)
MPRegen 0.12/turn                (no ring)

@: flying quickly and evasively, quick
A: beak, talons 3, nimble flight
a: no special abilities


You were on level 3 of the Dungeon.
You visited 1 branch of the dungeon, and saw 4 of its levels.

You collected 174 gold pieces.

Inventory:

Hand Weapons
 c - a +1 short sword (weapon)
Armour
 a - a +0 robe (worn)
 m - a +1 pair of gloves (worn)
 o - a +0 cloak (worn)
Jewellery
 h - an amulet of guardian spirit
 q - an amulet of regeneration
Scrolls
 d - a scroll of summoning {unknown}
 f - a scroll of enchant weapon
 i - a scroll of fear
 j - 4 scrolls of identify {unknown}
 k - a scroll of brand weapon {unknown}
 l - a scroll of vulnerability {unknown}
 p - a scroll of magic mapping {unknown}
 r - a scroll of teleportation {unknown}
 s - a scroll of fog {unknown}
Potions
 b - a potion of magic
 e - 2 potions of brilliance {unknown}
 g - 2 potions of flight {unknown}
 n - a potion of cancellation {unknown}


   Skills:
 + Level 4.3 Dodging
 - Level 2.0 Stealth
 - Level 2.0 Spellcasting
 + Level 4.6 Conjurations
 + Level 6.1 Air Magic


You had 5 spell levels left.
You knew the following spells:

 Your Spells              Type           Power      Damage    Failure   Level
a - Shock                 Conj/Air       84%        1d8       1%          1
b - Necrotise             Necr           4%         1d4       19%         1
c - Static Discharge      Conj/Air       42%        2-4/arc   3%          2

Your spell library contained the following spells:

 Spells                   Type           Power      Damage    Failure   Level
 Swiftness                Air            23%        N/A       4%          3
 Airstrike                Air            11%        2d(2-18)  14%         4
 Dazzling Flash           Conj/Hex       20%        N/A       22%         3
 Ensorcelled Hibernation  Hex/Ice        2%         N/A       26%         2
 Spider Form              Tmut/Pois      1%         N/A       47%         3
 Vampiric Draining        Necr           1%         2d6       47%         3
 Iskenderun's Mystic Bla  Conj/Tloc      10%        2d4       56%         4
 Anguish                  Hex/Necr       0%         N/A       87%         4
 Agony                    Necr           1%         N/A       99%         5
 Starburst                Conj/Fire      5%         6d4       100%        6


Dungeon Overview and Level Annotations

Branches:
Dungeon (4/15)
 Temple: D:4-7

Altars:

Shops:
D:1 :

Annotations:
D:4 Grinder


Innate Abilities, Weirdness & Mutations

You have a beak for a mouth.
You have claws for feet.
Your magical nature lets you fly swiftly and evasively.


Message History

You start resting.
HP restored.
You start resting.
Magic restored.
You fly downwards.
Level annotation: Grinder The scorpion stings you. x2
The orc priest invokes the aid of Beogh against you.
Beogh smites you!
There is a stone staircase leading up, spattered with blood here.
Unknown command.
The scorpion closely misses you.
The orc priest hits you with a +0 hand axe.
* * * LOW HITPOINT WARNING * * *
You fly upwards.
There is a stone staircase leading down here.
Unknown command.
As you read the scroll labelled BUNGUF VI CERI, it crumbles to dust.
It is a scroll of enchant weapon.
Your +0 short sword glows red for a moment.
The scorpion stings you.
* * * LOW HITPOINT WARNING * * *
The orc priest barely misses you.
Unknown command.
As you read the scroll labelled QEICAF ZUTE, it crumbles to dust.
You assume a fearsome visage.
The orc priest looks frightened!
The scorpion looks frightened!
It was a scroll of fear.
Unknown command.
Casting: Shock (safe; 1% risk of failure)
Confirm with . or Enter, or press ? or * to list all spells.
Aiming: Shock (safe; 1% risk of failure)
Press: ? - help, Shift-Dir - straight line The zap hits the orc priest.
The orc priest is moderately wounded.
Your attack snaps the orc priest out of its fear.
The zap hits the orc priest!
The orc priest is severely wounded.
The orc priest mumbles some strange prayers to Beogh against you.
Beogh smites you!
You die...

###### #....# #....# #....#
############ #....# #......s..@#
###....### #..........#
##..)...#.. #.......o..#
##.......... #######..........#
##...###.###^
..........###...#####...## #.#
#. ###############.##.....## #.#
#. ####.(...).>#..######.# #.
####....###.####.###.....# #.
####....#####.......###.....###.


You could see a scorpion (fleeing) and an orc priest.

Vanquished Creatures
  A bullfrog (D:3)
  A jelly (D:3)
  An orc priest (D:3)
  Jessica (D:3)
  An orc wizard (D:3)
  A gnoll (D:1)
  An adder (D:3)
  3 worms (D:2)
  A dart slug (D:2)
  6 orcs
  4 endoplasms
  2 giant cockroaches
  2 goblins
  5 hobgoblins
  4 jackals (D:1)
  3 kobolds
  2 quokkas
  5 ball pythons
  5 bats
  2 frilled lizards
  5 rats
56 creatures vanquished.

Notes
Turn   | Place    | Note
-------+----------+-------------------------------------------
     0 | D:1      | hikkokomori the Tengu Air Elementalist began the quest for
                  | the Orb.
     0 | D:1      | Reached XP level 1. HP: 10/10 MP: 4/4
   132 | D:1      | Reached XP level 2. HP: 15/15 MP: 1/6
   657 | D:1      | Reached XP level 3. HP: 19/19 MP: 2/7
  1109 | D:1      | Found Yfuje's Book Shop.
  2164 | D:2      | Found a faded altar of an unknown god.
  2388 | D:3      | Reached XP level 4. HP: 24/24 MP: 5/8
  2390 | D:3      | Learned a level 1 spell: Necrotise
  2393 | D:3      | Learned a level 2 spell: Static Discharge
  2429 | D:3      | Noticed Jessica
  2433 | D:3      | Killed Jessica
  2434 | D:3      | Reached skill level 5 in Air Magic
  2695 | D:3      | Gained mutation: Your magical nature lets you fly swiftly
                  | and evasively. [Tengu growth]
  2695 | D:3      | Reached XP level 5. HP: 25/28 MP: 1/9
  3167 | D:4      | Noticed Grinder
  3199 | D:3      | Reached skill level 6 in Air Magic
  3199 | D:3      | Reached XP level 6. HP: 26/32 MP: 2/10
  3289 | D:3      | Killed from afar by an orc priest

Illustrated notes

Levels and vault maps discovered:
D:1:      nzn_arrival_water_spiral, layout_basic, serial_shops,
          nicolae_shop_hallway_plus, chequers_serial_rivers_micro_b
D:2:      layout_loops_ring, nicolae_ecumenical_pavilion, minmay_cut_off
D:3:      layout_rooms, hangedman_feature_mirror, uniq_jessica
D:4:      layout_rooms, uniq_sigmund, uniq_grinder

Skill      XL: |  1  2  3  4  5 |
---------------+----------------+-----
Conjurations   | 2 3 4 |  4.6
Dodging        | 3 4 |  4.3
Air Magic      | 5 6 |  6.1
Stealth        | |  2.0
Spellcasting   | |  2.0

Action                   |  1- 3 |  4- 6 || total
-------------------------+-------+-------++-------
Melee: Unarmed           |     8 |       ||     8
       Peck              |     6 |     5 ||    11
       Kick              |     5 |     2 ||     7
       Short sword       |    10 |    17 ||    27
       Punch             |       |     1 ||     1
 Cast: Shock             |    76 |    52 ||   128
  Use: Scroll            |       |     2 ||     2
Armor: Robe              |     3 |     4 ||     7
Dodge: Dodged            |    16 |    34 ||    50

Table legend: (Time is in decaauts)
 A = Elapsed time spent in this place.
 B = Non-inter-level travel time spent in this place.
 C = Inter-level travel time spent in this place.
 D = Time resting spent in this place.
 E = Time spent auto-exploring this place.
 F = Levels seen in this place.
 G = Mean time per level.
                   A        B        C        D        E       F      G
               +--------+--------+--------+--------+--------+-----+--------+
         Total |   3263 |   3154 |    109 |    138 |   2686 |   4 |  815.8 |
       Dungeon |   3263 |   3154 |    109 |    138 |   2686 |   4 |  815.8 |
               +--------+--------+--------+--------+--------+-----+--------+

Top non-repeatable levels by time:
     D:1: 1307 daAuts
     D:2: 1068 daAuts
     D:3: 878 daAuts
     D:4: 7 daAuts
